 Dungeon Crawl Stone Soup version 0.30-a0-210-g01b79a254e (webtiles) character file.

Game seed: 6418266870268669197

802 scionoferis the Cutter (level 8, -3/48 HPs)
             Began as a Kobold Brigand on Oct 4, 2022.
             Killed by divine providence
             ... invoked by an orc priest
              (9 damage)
             ... on level 5 of the Dungeon.
             The game lasted 00:10:00 (4216 turns).

scionoferis the Cutter (Kobold Brigand)             Turns: 4216, Time: 00:10:01

Health: -3/48      AC:  6    Str: 10    XL:     8   Next: 14%
Magic:  8/8        EV: 15    Int: 16    God:
Gold:   214        SH:  0    Dex: 23    Spells: 5/7 levels left

rFire   . . .      SeeInvis .    a - +3 dagger
rCold   + . .      Faith    .    (no shield)
rNeg    . . .      Spirit   .    j - +0 ring mail
rPois   .          Reflect  .    (no helmet)
rElec   +          Harm     .    w - +0 cloak
rCorr   .          Rampage  .    (no gloves)
Will    .....                    (no boots)
Stlth   ++++......               (no amulet)
HPRegen 0.28/turn                h - +6 ring of dexterity
MPRegen 0.11/turn                v - ring of the Elephant {rElec rC+ Int+4}

@: about to teleport
A: small, no large weapons, nightstalker 3
a: no special abilities


You were on level 5 of the Dungeon.
You visited 1 branch of the dungeon, and saw 5 of its levels.

You collected 214 gold pieces.

Inventory:

Hand Weapons
 a - a +3 dagger (weapon)
 g - a +0 sling
Missiles
 d - 27 poisoned darts (quivered)
 e - 2 curare-tipped darts
 C - 4 boomerangs
Armour
 c - a +0 cloak
 j - a +0 ring mail (worn)
 w - a +0 cloak (worn)
Jewellery
 h - a +6 ring of dexterity (left hand)
 v - the ring of the Elephant (right hand) {rElec rC+ Int+4}
   (You found it on level 3 of the Dungeon)

   [ring of protection from cold]

   Int:       It affects your intelligence (+4).
   rC:        It protects you from cold.
   rElec:     It insulates you from electricity.
 y - a ring of resist corrosion
Scrolls
 b - 2 scrolls of teleportation
 k - a scroll of enchant weapon
 o - 3 scrolls of fear
 p - a scroll of immolation
 q - 3 scrolls of enchant armour
 u - 3 scrolls of magic mapping
 B - a scroll of amnesia
Potions
 f - a potion of haste {unknown}
 i - 3 potions of might
 l - a potion of cancellation
 m - a potion of ambrosia {unknown}
 n - a potion of attraction {unknown}
 r - a potion of heal wounds
 s - 2 potions of mutation {unknown}
 t - a potion of resistance {unknown}
 x - 2 potions of curing {unknown}
 z - a potion of berserk rage {unknown}
 A - a potion of lignification {unknown}


   Skills:
 + Level 4.5 Fighting
 * Level 7.5 Short Blades
 - Level 2.1 Throwing
 + Level 2.7 Armour
 + Level 4.3 Dodging
 - Level 6.0 Stealth


You had 5 spell levels left.
You knew the following spells:

 Your Spells              Type           Power      Damage    Failure   Level
a - Blink                 Tloc           0%         N/A       67%         2

Your spell library contained the following spells:

 Spells                   Type           Power      Damage    Failure   Level
 Shock                    Conj/Air       0%         1d3       52%         1
 Cigotuvi's Dreadful Rot  Necr/Pois/Air  0%         N/A       67%         2
 Momentum Strike          Conj/Tloc      0%         3d8       67%         2
 Poisonous Vapours        Pois/Air       0%         N/A       67%         2
 Lesser Beckoning         Tloc           0%         N/A       88%         3
 Mephitic Cloud           Conj/Pois/Air  0%         N/A       88%         3
 Swiftness                Air            0%         N/A       88%         3
 Airstrike                Air            0%         2d(0-16)  99%         4


Dungeon Overview and Level Annotations

Branches:
Dungeon (5/15)
 Temple: D:4-7

Altars:
Cheibriados
Fedhas
Gozag
Kikubaaqudgha
Vehumet

Shops:
D:3 (


Innate Abilities, Weirdness & Mutations

You are small and have problems with some larger weapons.
You are completely attuned to the shadows.


Message History

The orc hits you but does no damage. The orc misses you.
The orc wizard barely misses you.
The orc priest looks braver for a moment.
You puncture the orc priest!
The orc priest is heavily wounded.
The orc priest invokes the aid of Beogh against you.
Beogh smites you! The orc barely misses you. The orc closely misses you.
The orc wizard misses you.
You barely miss the orc priest.
The orc priest is heavily wounded.
You hit the orc priest.
The orc priest is heavily wounded.
The orc priest hits you with a +0 trident.
The orc hits you but does no damage. The orc hits you with a +0 war axe.
The orc wizard hits you but does no damage.
You barely miss the orc priest.
The orc priest is heavily wounded.
The orc priest mumbles some strange prayers to Beogh against you.
You struggle to resist.
The orc barely misses you. The orc misses you.
The orc wizard hits you with a +0 dagger.
You barely miss the orc priest.
The orc priest is heavily wounded.
You hit the orc priest.
The orc priest is almost dead.
The orc priest misses you. The orc closely misses you.
The orc barely misses you.
The orc priest mumbles some strange prayers to Beogh against you.
Beogh smites you!
* * * LOW HITPOINT WARNING * * *
The orc wizard barely misses you.
As you read the scroll of teleportation, it crumbles to dust.
You feel strangely unstable. The orc barely misses you. x2
The orc wizard gestures at you while chanting.
The magic dart hits you!
* * * LOW HITPOINT WARNING * * *
The orc priest barely misses you.
The orc priest looks satisfied for a moment.
The orc priest invokes the aid of Beogh against you.
Beogh smites you!
You die...

#...........#...#......
##......)......##....##
#.......)†.....#....#
##.......................
...#####.#...............#
####.....#.....o.........#
#.###.......o#........# #.#
#.#.....oo........# ####.#
#.#.....o@###.....# ....†#
..................##
...####...###.............####
...# #..# #................#
...###..# #................#
##...#..# ####.....###..######
###...###.......### ##..#####
.....#....##..### ###.##...##
..#....†..###.# #..##.....##


You could see 2 orc priests, an orc wizard and 2 orcs.

Vanquished Creatures
  An ogre (D:4)
  A phantom (D:4)
  2 scorpions (D:5)
  2 hounds (D:5)
  2 orc priests (D:5)
  2 gnoll boudas (D:4)
  An iguana (D:5)
  2 orc wizards
  A statue (D:3)
  7 gnolls (D:4)
  7 adders
  2 worms
  2 dart slugs
  19 orcs
  14 endoplasms
  4 giant cockroaches
  10 goblins
  10 hobgoblins
  2 quokkas (D:2)
  9 ball pythons
  6 bats
  3 frilled lizards
  8 kobolds
  6 rats
123 creatures vanquished.

Notes
Turn   | Place    | Note
-------+----------+-------------------------------------------
     0 | D:1      | scionoferis the Kobold Brigand began the quest for the Orb.
     0 | D:1      | Reached XP level 1. HP: 12/12 MP: 1/1
   118 | D:1      | Reached skill level 3 in Short Blades
   142 | D:1      | Reached XP level 2. HP: 15/17 MP: 2/2
   560 | D:1      | Reached XP level 3. HP: 22/22 MP: 3/3
   976 | D:2      | Learned a level 2 spell: Blink
  1084 | D:2      | Reached XP level 4. HP: 27/27 MP: 4/4
  1133 | D:2      | Reached skill level 4 in Short Blades
  1356 | D:2      | Reached skill level 1 in Armour
  1547 | D:3      | Found Leefoca's Antique Weapon Shop.
  1595 | D:3      | Reached XP level 5. HP: 32/32 MP: 5/5
  1682 | D:3      | Found a faded altar of an unknown god.
  1717 | D:3      | Identified the ring of the Elephant {rElec rC+ Int+4}
  1758 | D:3      | Found a radiant altar of Vehumet.
  1760 | D:3      | Noticed a frost-covered statue
  1780 | D:3      | Killed a frost-covered statue
  1837 | D:3      | Identified the +5 mace "Vuihaffu" {protect, rPois rF+ rN+
                  | Str+3}
  2090 | D:3      | Found a blossoming altar of Fedhas.
  2111 | D:3      | Found an ancient bone altar of Kikubaaqudgha.
  2470 | D:4      | Reached skill level 5 in Short Blades
  2487 | D:4      | Reached XP level 6. HP: 37/37 MP: 6/6
  2560 | D:4      | Noticed an ogre
  2569 | D:4      | Killed an ogre
  2878 | D:4      | Reached skill level 6 in Short Blades
  2878 | D:4      | Reached XP level 7. HP: 37/42 MP: 7/7
  3371 | D:5      | Entered Level 5 of the Dungeon
  3595 | D:5      | Reached skill level 7 in Short Blades
  3770 | D:5      | Reached XP level 8. HP: 48/48 MP: 8/8
  3953 | D:5      | Found an opulent altar of Gozag.
  3976 | D:5      | Found a snail-covered altar of Cheibriados.
  4216 | D:5      | Killed from afar by an orc priest

Illustrated notes

Levels and vault maps discovered:
D:1:      tarquinn_simple_flora_water_e, layout_basic,
          minmay_misc_feat_diagonals
D:2:      layout_rooms, minmay_tetromino_i4
D:3:      layout_loops_ring, vehumet_statue,
          grunt_temple_overflow_growth_and_decay, serial_shops, shop,
          dreamdust_ecumenical_altar_statues
D:4:      layout_loops_ring
D:5:      layout_rooms, nicolae_overflow_hidden_temple, lemuel_round_altar,
          lemuel_tele_altar

Skill      XL: |  1  2  3  4  5  6  7 |
---------------+----------------------+-----
Short Blades   | 3 4 5 6 7 |  7.5
Dodging        | 2 3 4 |  4.3
Armour         | 1 2 |  2.7
Fighting       | 3 4 |  4.5
Stealth        | 6 |  6.0
Throwing       | |  2.1

Action                   |  1- 3 |  4- 6 |  7- 9 || total
-------------------------+-------+-------+-------++-------
Melee: Dagger            |    70 |   174 |   149 ||   393
       Punch             |     1 |     3 |     3 ||     7
Throw: Dart              |       |     4 |     5 ||     9
  Use: Scroll            |       |     1 |     7 ||     8
       Potion            |       |       |     3 ||     3
 Stab: Sleeping          |    19 |    20 |     5 ||    44
       Distracted        |     2 |     3 |     1 ||     6
Armor: Ring mail         |    14 |    27 |    18 ||    59
       Robe              |     3 |       |       ||     3
Dodge: Dodged            |    35 |    71 |    78 ||   184

Table legend: (Time is in decaauts)
 A = Elapsed time spent in this place.
 B = Non-inter-level travel time spent in this place.
 C = Inter-level travel time spent in this place.
 D = Time resting spent in this place.
 E = Time spent auto-exploring this place.
 F = Levels seen in this place.
 G = Mean time per level.
                   A        B        C        D        E       F      G
               +--------+--------+--------+--------+--------+-----+--------+
         Total |   4110 |   4018 |     92 |    287 |   2882 |   5 |  822.0 |
       Dungeon |   4110 |   4018 |     92 |    287 |   2882 |   5 |  822.0 |
               +--------+--------+--------+--------+--------+-----+--------+

Top non-repeatable levels by time:
     D:4: 958 daAuts
     D:1: 903 daAuts
     D:3: 826 daAuts
     D:5: 813 daAuts
     D:2: 608 daAuts
